 Dungeon Crawl Stone Soup version 0.16-a0-328-gfd822c7 (webtiles) character file.

95 Ratboiler the Insei (level 4, -7/28 HPs)
             Began as an Octopode Transmuter on Sept 6, 2014.
             Mangled by a gnoll
             ... wielding a +0 spear
              (10 damage)
             ... on Level 2 of the Dungeon.
             The game lasted 00:05:22 (1393 turns).

Ratboiler the Insei (Octopode Transmuter)           Turns: 1393, Time: 00:05:22

HP  -7/28        AC  2     Str 10      XL: 4   Next: 66%
MP   5/7         EV 20     Int 15      God:
Gold 57          SH  0     Dex 18      Spells:  3 memorised,  1 level left

rFire  . . .     SeeInvis .       - Unarmed
rCold  . . .     Clarity  .     (shield currently unavailable)
rNeg   . . .     rCorr    .     (helmet currently unavailable)
rPois  x         rRot     .     (no amulet)
rElec  .         Spirit   .     e - ring of protection from magic
SustAb .         Warding  .     o - cursed +1 ring of strength
rMut   .         Stasis   .     (no ring)
Gourm  .                        (no ring)
MR     +....                    (no ring)
                                (no ring)
                                (no ring)
                                (no ring)

@: spider-form (expiring), somewhat resistant to hostile enchantments,
unstealthy
A: almost no armour, amphibious, 8 rings, (constrict 8), (camouflage 0),
(gelatinous body 0)
a: End Transformation


You were on level 2 of the Dungeon.
You were not hungry.
You were in spider-form.
You visited 1 branch of the dungeon, and saw 2 of its levels.

You collected 57 gold pieces.

Inventory:

Missiles
 b - 61 arrows
 f - 10 stones (quivered)
 q - 2 javelins
Comestibles
 a - 3 bread rations
 r - a chunk of hobgoblin flesh
Scrolls
 m - a scroll of fear {unknown}
 n - a scroll of blinking {unknown}
 p - a scroll of identify {unknown}
 s - a scroll of noise {unknown}
Jewellery
 e - a ring of protection from magic (left front leg)
 o - a cursed +1 ring of strength (right front leg)
Potions
 c - 2 potions of invisibility {unknown}
 g - a potion of restore abilities {unknown}
 h - a potion of magic {unknown}
 i - a potion of resistance {unknown}
 j - a potion of agility {unknown}
 k - 2 potions of brilliance {unknown}
 l - a potion of lignification {unknown}
Books
 d - a book of Changes

   Spells                             Type                      Level
   *Beastly Appendage                 Transmutation                1
   *Sticks to Snakes                  Transmutation                2
   *Spider Form                       Transmutation/Poison         3
   Ice Form                           Ice/Transmutation            4
   Blade Hands                        Transmutation                5


   Skills:
 - Level 1.0 Fighting
 - Level 2.0 Dodging
 + Level 5.2 Unarmed Combat
 - Level 2.0 Spellcasting
 - Level 2.0 Transmutations


You had one spell level left.
You knew the following spells:

 Your Spells              Type           Power        Failure   Level  Hunger
a - Beastly Appendage     Trmt           #.....       28%         1    #......
b - Sticks to Snakes      Trmt           #.........   32%         2    ###....
c - Spider Form           Trmt/Pois      #.........   65%         3    ####...


Dungeon Overview and Level Annotations

Branches:
Dungeon (2/15)

Altars:


Innate Abilities, Weirdness & Mutations

You cannot wear most types of armour.
You are amphibious.
You can wear up to eight rings at the same time.
((You can use your tentacles to constrict many enemies at once.))
((Your skin changes colour to match your surroundings (Stealth).))
((Your rubbery body absorbs attacks (AC +1).))


Message History

The adder misses you.
You bite the adder!
The adder looks even sicker.
The adder is severely wounded.
The gnoll misses you. The adder misses you.
You bite the adder!
You kill the adder!
Your transformation is almost over.
The gnoll hits you from afar with a spear!
* * * LOW HITPOINT WARNING * * *
The gnoll hits you with a spear.
* * * LOW HITPOINT WARNING * * *
You see here an adder corpse.
You barely miss the gnoll. The gnoll misses you.
You hit the gnoll but do no damage.
The gnoll is poisoned.
The gnoll hits you with a spear.
* * * LOW HITPOINT WARNING * * *
You bite the gnoll!
The gnoll looks even sicker.
The gnoll is severely wounded.
The gnoll hits you with a spear!
You die...

#.# #.# #.# ### #.# ..# #.# #.#
#.# #.# #.#
..#####.#####.##################
#...........%..gs................
...####.###...##################
# #.# #)### ....####.# #...#
#S..rw.w.# ###.### ###.######
#.g.# ###.# #.# #.#


You could see a gnoll.

Vanquished Creatures
  Terence (D:2)
  3 adders (D:2)
  2 worms (D:2)
  4 bats (D:1)
  A giant cockroach (D:1)
  3 goblins
  6 hobgoblins
  4 giant newts (D:1)
  3 kobolds (D:1)
  5 rats
32 creatures vanquished.

Vanquished Creatures (collateral kills)
  Ijyb (D:2)
1 creature vanquished.

Grand Total: 33 creatures vanquished

Notes
Turn   | Place    | Note
--------------------------------------------------------------
     0 | D:1      | Ratboiler, the Octopode Transmuter, began the quest for the Orb.
     0 | D:1      | Reached XP level 1. HP: 13/13 MP: 3/3
   134 | D:1      | Reached XP level 2. HP: 15/18 MP: 2/4
   138 | D:1      | Learned a level 2 spell: Sticks to Snakes
   627 | D:1      | Reached skill level 4 in Unarmed Combat
   637 | D:2      | Noticed Ijyb
   653 | D:2      | Killed Ijyb
   653 | D:2      | Reached XP level 3. HP: 12/23 MP: 0/6
   658 | D:2      | Learned a level 3 spell: Spider Form
   934 | D:2      | Noticed Terence
   956 | D:2      | Killed Terence
  1019 | D:2      | Reached XP level 4. HP: 28/28 MP: 7/7
  1186 | D:2      | Reached skill level 5 in Unarmed Combat
  1393 | D:2      | Mangled by a gnoll

Action                   |  1- 3 |  4- 6 || total
-------------------------+-------+-------++-------
Melee: Unarmed           |    58 |    35 ||    93
Throw: Stone             |     3 |     7 ||    10
 Cast: Beastly Appendage |     8 |     1 ||     9
       Sticks to Snakes  |     5 |       ||     5
       Spider Form       |     2 |     4 ||     6
  Use: Scroll            |     3 |       ||     3
 Stab: Distracted        |     1 |       ||     1
  Eat: Chunk             |     1 |     2 ||     3
